 Dungeon Crawl Stone Soup version 0.17-a0-910-ga669010 (webtiles) character file.

60 hornqvist the Shield-Bearer (level 4, -2/35 HPs)
             Began as a Formicid Fighter on May 2, 2015.
             Slain by a gnoll
             ... wielding a +0 halberd
              (12 damage)
             ... on level 3 of the Dungeon.
             The game lasted 00:01:46 (1483 turns).

hornqvist the Shield-Bearer (Formicid Fighter)      Turns: 1483, Time: 00:01:48

Health: -2/35      AC:  9    Str: 21    XL:     4   Next: 25%
Magic:  4/4        EV:  8    Int:  8    God:
Gold:   169        SH:  9    Dex: 10    Spells: 0 memorised, 3 levels left

rFire  . . .     SeeInvis +     t - +0 battleaxe
rCold  . . .     Clarity  .     b - +0 scale mail
rNeg   . . .     SustAb   .     c - +0 shield
rPois  .         Gourm    .     (helmet unavailable)
rElec  .         Spirit   .     l - +0 cloak
rCorr  .         Warding  .     (no gloves)
rMut   .         Stasis   +     r - +0 pair of boots
MR     .....                    (no amulet)
Stlth  +.........               (no ring)
                                q - ring of stealth

@: not resistant to hostile enchantments, very unstealthy
A: permanent stasis, dig shafts and tunnels, four strong arms, antennae 3
a: Dig, Shaft Self


You were on level 3 of the Dungeon.
You were not hungry.

You visited 1 branch of the dungeon, and saw 3 of its levels.

You collected 169 gold pieces.

Inventory:

Hand weapons
 a - a +0 war axe
 t - a +0 battleaxe (weapon)
Armour
 b - a +0 scale mail (worn)
 c - a +0 shield (worn)
 l - a +0 cloak (worn)
 r - a +0 pair of boots (worn)
Jewellery
 q - a ring of stealth (left hand)
Scrolls
 h - 6 scrolls of identify {unknown}
 k - a scroll of enchant weapon {unknown}
 n - 2 scrolls of teleportation {unknown}
 s - a scroll of remove curse {unknown}
 u - a scroll of enchant armour {unknown}
Potions
 d - a potion of might
 f - a potion of agility {unknown}
 g - a potion of invisibility {unknown}
 i - a potion of flight {unknown}
 o - a potion of brilliance {unknown}
Comestibles
 e - 3 bread rations
 j - a royal jelly
 m - 2 meat rations
 p - a beef jerky


   Skills:
 - Level 3.2 Fighting
 * Level 3.5 Axes
 + Level 3.4 Armour
 + Level 0.8 Dodging
 + Level 4.1 Shields


You had 3 spell levels left.
You didn't know any spells.

Dungeon Overview and Level Annotations

Branches:
Dungeon (3/15)

Altars:


Innate Abilities, Weirdness & Mutations

You are under a permanent stasis effect.
You can dig through walls and to a lower floor.
Your four strong arms can wield two-handed weapons with a shield.
You have a pair of large antennae on your head (SInv).


Message History

You hit the jackal but do no damage. You closely miss the jackal.
The jackal bites you but does no damage.
The jackal barely misses you.
The jackal splashes around in the water.
The gnoll barely misses you.
The jackal bites you but does no damage.
You closely miss the jackal. You hit the jackal. You block the jackal's attack.
You block the jackal's attack.
The gnoll hits you from afar with a halberd.
The jackal bites you but does no damage.
You block the jackal's attack.
Your shield and scale mail prevent you from hitting the jackal.
You slash the jackal!
You kill the jackal!
You block the jackal's attack.
The gnoll hits you from afar with a halberd!
* * * LOW HITPOINT WARNING * * *
The jackal closely misses you.
The gnoll hits you from afar with a halberd!
You die...

≈≈. ### ≈≈≈.#
#+###≈≈.#####
##########...#≈≈.. ..#
..........#gg.#≈≈# #.#
≈≈≈≈≈≈≈≈≈≈#####≈≈# #.##
≈≈≈≈≈≈≈≈≈≈≈≈≈≈≈≈≈# #...
≈≈≈≈≈≈≈≈≈≈≈≈≈≈≈≈≈≈# #.##
......gh@.......P.####.#
......J......###.......#
.####.####### #########{
..# ###


You could see a gnoll, an ooze and a jackal.

Vanquished Creatures
  An adder (D:2)
  A worm (D:2)
  2 ball pythons
  7 bats
  A giant cockroach (D:1)
  10 goblins
  4 hobgoblins
  3 jackals
  3 giant geckos
  2 giant newts (D:2)
  6 kobolds
  9 rats
49 creatures vanquished.

Notes
Turn   | Place    | Note
--------------------------------------------------------------
     0 | D:1      | hornqvist, the Formicid Fighter, began the quest for the Orb.
     0 | D:1      | Reached XP level 1. HP: 18/18 MP: 1/1
    85 | D:1      | Reached XP level 2. HP: 20/24 MP: 2/2
   352 | D:1      | Reached XP level 3. HP: 29/29 MP: 3/3
  1045 | D:2      | Reached XP level 4. HP: 32/35 MP: 4/4
  1088 | D:2      | Reached skill level 4 in Shields
  1483 | D:3      | Slain by a gnoll

Action                   |  1- 3 |  4- 6 || total
-------------------------+-------+-------++-------
Melee: War axe           |   133 |    18 ||   151
       Battleaxe         |       |    14 ||    14
  Eat: Chunk             |     1 |     1 ||     2
